 Dungeon Crawl Stone Soup version 0.27-a0-498-g7ecbb0a48f (webtiles) character file.

Game seed: 7736501361854821649

267267 Klosterheim the Bludgeoner (level 19, -4/151 (152) HPs)
             Began as a Demonspawn Artificer on Mar 2, 2021.
             Was an Elder of Qazlal.
             Slain by a stone giant (23 damage)
             ... on level 3 of the Vaults.
             The game lasted 02:26:37 (50302 turns).

Klosterheim the Bludgeoner (Demonspawn Artificer)  Turns: 50302, Time: 02:26:38

HP:   -4/151 (152)  AC: 26    Str: 22    XL:     19   Next: 73%
MP:   14/20         EV: 15    Int: 20    God:    Qazlal [****..]
Gold: 4483          SH: 23    Dex: 13    Spells: 18/18 levels left

rFire    + + .     SeeInvis .   y - +8 eveningstar (drain)
rCold    + + .     Faith    .   P - +0 kite shield
rNeg     . . .     Spirit   .   L - +1 plate armour of Feminn {rF++ Regen+ MP-9 Int+4}
rPois    .         Reflect  .   (no helmet)
rElec    +         Harm     .   Q - scarf {+Inv}
rCorr    .         Rampage  .   (gloves unavailable)
Will     +....                  E - +0 pair of boots
Stlth    ..........             I - amulet of the acrobat
HPRegen  1.35/turn              i - +4 ring of protection
MPRegen  0.17/turn              c - ring of protection from cold

@: about to teleport, protected from cold, studying Dodging, lightly drained,
repel missiles
A: claws 3, talons 1, repulsion field 2, clever 1, deterioration 1, foul stench
2, icemail 1, electricity resistance, strong 1, condensation shield
}: 1/15 runes: decaying
a: Renounce Religion, Evoke Invisibility, Upheaval, Elemental Force


You were on level 3 of the Vaults.
You worshipped Qazlal.
Qazlal was greatly pleased with you.
You visited 7 branches of the dungeon, and saw 35 of its levels.
You visited the Abyss 2 times.
You also visited: Bailey and Ice Cave.

You collected 5683 gold pieces.
You spent 1200 gold pieces at shops.

Inventory:

Hand Weapons
 y - a +8 eveningstar of draining (weapon)
 M - the +7 fustibalus "Mecanann" {vorpal, rElec MP+9 Int-2}
   (You found it on level 14 of the Dungeon)

   Any stone fired from it inflicts extra damage.
   It affects your intelligence (-2).
   It insulates you from electricity.
   It affects your magic capacity (+9).
Missiles
 z - 2 throwing nets
 O - 67 sling bullets
Armour
 C - the +2 hat of the Other Side {*Drain +Blink rN+++}
   (You found it in an ice cave)

   It renders you almost immune to negative energy.
   It lets you blink.
   It causes draining when unequipped.
 E - a +0 pair of boots (worn)
 K - a +0 tower shield
 L - the +1 plate armour of Feminn (worn) {rF++ Regen+ MP-9 Int+4}
   (You bought it in a shop on level 2 of the Orcish Mines)

   It affects your intelligence (+4).
   It greatly protects you from fire.
   It affects your magic capacity (-9).
   It increases your rate of regeneration.
 P - a +0 kite shield (worn)
 Q - a scarf of invisibility (worn)
Jewellery
 c - a ring of protection from cold (right claw)
 i - a +4 ring of protection (left claw)
 o - a ring of see invisible
 v - an amulet of magic regeneration
 x - an amulet of faith
 I - an amulet of the acrobat (around neck)
 N - a +4 ring of evasion
 U - a +6 ring of dexterity
 W - a ring of resist corrosion
Wands
 b - a wand of polymorph (26)
 d - a wand of charming (36)
 e - a wand of random effects (35)
 f - a wand of iceblast (44)
 s - a wand of flame (57)
 A - a wand of paralysis (17)
 D - a wand of digging (8)
Scrolls
 a - 2 scrolls of amnesia
 k - a scroll of silence
 m - 6 scrolls of enchant armour
 p - 13 scrolls of teleportation
 q - 13 scrolls of identify
 r - 4 scrolls of blinking
 t - 3 scrolls of vulnerability
 B - 5 scrolls of fog
 H - 4 scrolls of fear
 R - a scroll of magic mapping
Potions
 g - 5 potions of resistance
 h - 7 potions of attraction
 j - 2 potions of heal wounds
 l - 3 potions of lignification
 n - 2 potions of brilliance
 u - 4 potions of flight
 w - a potion of ambrosia
 F - 9 potions of curing
 J - 4 potions of might
 T - a potion of magic
Miscellaneous
 G - a condenser vane
 S - a phantom mirror
 V - a tin of tremorstones (2/2)


   Skills:
 + Level 14.0 Fighting
 - Level 16.0 Maces & Flails
 + Level 13.8 Armour
 * Level 11.6 Dodging
 - Level 1.0 Stealth
 - Level 15.0 Shields
 + Level 14.2 Invocations
 + Level 9.2 Evocations


You had 18 spell levels left.
You didn't know any spells.
Your spell library contained the following spells:

 Spells                   Type           Power        Failure   Level
 Freeze                   Ice            0%           89%         1
 Magic Dart               Conj           0%           89%         1
 Sandblast                Erth           0%           89%         1
 Passwall                 Tmut/Erth      0%           96%         2
 Searing Ray              Conj           0%           96%         2
 Sublimation of Blood     Necr           0%           96%         2
 Confusing Touch          Hex            0%           99%         3
 Dazzling Flash           Conj/Hex       0%           99%         3
 Frozen Ramparts          Ice            0%           99%         3
 Gell's Gravitas          Tloc           0%           99%         3
 Ignite Poison            Fire/Tmut/Pois 0%           99%         3
 Ozocubu's Armour         Ice            0%           99%         3
 Portal Projectile        Hex/Tloc       0%           99%         3
 Stone Arrow              Conj/Erth      0%           99%         3
 Animate Armour           Summ/Erth      0%           100%        4
 Animate Dead             Necr           0%           100%        4
 Fulminant Prism          Conj/Hex       0%           100%        4
 Hailstorm                Conj/Ice       0%           100%        4
 Ice Form                 Ice/Tmut       0%           100%        4
 Iskenderun's Mystic Bla  Conj/Tloc      0%           100%        4
 Leda's Liquefaction      Hex/Erth       0%           100%        4
 Manifold Assault         Tloc           0%           100%        4
 Passage of Golubria      Tloc           N/A          100%        4
 Petrify                  Tmut/Erth      0%           100%        4
 Summon Ice Beast         Ice/Summ       0%           100%        4
 Alistair's Intoxication  Tmut/Pois      0%           100%        5
 Borgnjor's Vile Clutch   Necr/Erth      0%           100%        5
 Irradiate                Conj/Tmut      0%           100%        5
 Lee's Rapid Deconstruct  Erth           0%           100%        5
 Metabolic Englaciation   Hex/Ice        0%           100%        5
 Yara's Violent Unravell  Hex/Tmut       0%           100%        5
 Death Channel            Necr           0%           100%        6
 Dispersal                Tloc           0%           100%        6
 Eringya's Noxious Bog    Tmut/Pois      0%           100%        6
 Freezing Cloud           Conj/Ice/Air   0%           100%        6
 Hydra Form               Tmut           0%           100%        6
 Simulacrum               Ice/Necr       0%           100%        6
 Statue Form              Tmut/Erth      0%           100%        6
 Dragon Form              Tmut           0%           100%        7
 Ozocubu's Refrigeration  Ice            0%           100%        7
 Disjunction              Tloc           0%           100%        8


Dungeon Overview and Level Annotations

Branches:
Dungeon (15/15)            Temple (1/1) D:4            Lair (6/6) D:11
  Swamp (4/4) Lair:3       Spider (4/4) Lair:4        Slime (0/5) Lair:6
    Orc (2/2) D:12            Elf (0/3) Orc:2        Vaults (3/5) D:14
 Depths (0/5) D:15         Bailey (visited)           IceCv (visited)
  Crypt: Vaults:2-3

Altars:
Cheibriados
Dithmenos
Fedhas
Gozag
Hepliaklqana
Kikubaaqudgha
Makhleb
Nemelex Xobeh
Okawaru
Qazlal
Ru
Trog
Uskayaw
Vehumet
Xom
Yredelemnul
Zin
The Shining One
Beogh
Jiyva

Shops:
D:4 :   D:6 (   Orc:2 ([*:   Vaults:3 :*

Portals:
Bazaar: Vaults:1

Annotations:
D:4 Edmund
D:13 1 runed translucent door
Lair:4 2 transporters, Ziuzejaw's ghost, journeyman DDFi
Spider:4 Mara


Innate Abilities, Weirdness & Mutations

You have claws for hands.
You are surrounded by a moderate repulsion field. (EV +3)
You sometimes emit foul miasma when damaged in melee.
A meltable icy envelope protects you from harm. (AC +4)
A meltable shield of frost defends you. (SH +4)
You have sharp toenails.
Your mind is acute. (Int +2)
Your body sometimes deteriorates upon taking damage.
You are resistant to electric shocks. (rElec)
Your muscles are strong. (Str +2)


Message History

The two-headed ogre hits you with a +0 giant club!
The two-headed ogre misses you.
Something touches you but does no damage.
The frost giant hits you with a +2 battleaxe of freezing.
You closely miss the vault warden.
The vault warden is heavily wounded.
You block the stone giant's attack.
Something touches you but does no damage.
Unknown command.
As you read the scroll of teleportation, it crumbles to dust.
You feel strangely unstable. You block the vault warden's attack.
The two-headed ogre is engulfed in dark miasma.
The two-headed ogre looks as sick as possible!
The two-headed ogre closely misses you.
The two-headed ogre hits you but does no damage.
You block the stone giant's attack. The frost giant barely misses you.
You hear some strange, mumbled words.
A bolt of cold appears from out of thin air!
The bolt of cold hits you! You resist.
You barely miss the vault warden.
The vault warden is heavily wounded.
You block the vault warden's attack.
Unknown command.
You sock the vault warden! You drain the vault warden.
The vault warden is severely wounded.
The stone giant hits you but does no damage.
Something touches you.
* * * LOW HITPOINT WARNING * * *
You emit a cloud of foul miasma!
Unknown command.
You closely miss the vault warden.
The vault warden is severely wounded.
You block the two-headed ogre's attack. x2
The vault warden hits you but does no damage.
The frost giant hits you with a +2 battleaxe of freezing!!
* * * LOW HITPOINT WARNING * * *
The frost giant freezes you.
* * * LOW HITPOINT WARNING * * *
The stone giant hits you!!
You die...

#.....∩....# #...#.#.#.
+..........# #..#.#.#.#
#..........# #..##.#.##
#..........# #..###.###
######+##### #.........
#......# #.........
#......##################
#....≈§CO°.....#
#......#@{°....#
#......#pC§....#
#......#○......#
#......#≈......+
#......#.......#
#......#..≈....#
###+####..≈.≈..+
#.......#


You could see a frost giant (very poisoned, slow), a stone giant, a vault warden
(drained) and a two-headed ogre (extremely poisoned, slow).

Vanquished Creatures
  A tentacled monstrosity (Swamp:4)
  Asterion (Spider:2)
  A thorn hunter (Swamp:4)
  Kirke (D:13)
  Roxanne (Swamp:3)
  A frost giant (Vaults:3)
  An orc warlord (Orc:2)
  An emperor scorpion (Spider:1)
  4 vault wardens
  3 ghost moths
  A balrug (Abyss:2)
  A deep elf elementalist (D:15)
  3 ironheart preservers
  A ghoul (Vaults:2)
  A very ugly thing (Abyss:3)
  3 starcursed masses (Abyss:2)
  2 stone giants (Vaults:2)
  Nessos (D:12)
  4 entropy weavers
  4 bunyips
  A spark wasp (Spider:4)
  2 deep elf death magi (Vaults:1)
  2 ettins
  2 green deaths
  A fire dragon (Vaults:1)
  5 eleionomae
  2 yaktaur captains
  An eidolon (Abyss:2)
  2 rakshasas
  A great orb of eyes (Vaults:3)
  Josephine (D:11)
  A shambling mangrove (Swamp:4)
  2 vault guards
  10 boulder beetles
  An ice dragon (Vaults:2)
  A spriggan air mage (Swamp:3)
  A ghost crab (Swamp:3)
  Harold (D:11)
  8 centaur warriors
  21 hydras
  5 ogre magi
  4 death knights
  A catoblepas (Lair:6)
  An alligator (Swamp:4)
  22 two-headed ogres
  4 tengu warriors
  A deep troll shaman (Lair:6)
  6 death yaks
  An orc high priest (Orc:2)
  Sonja (D:11)
  Urug (D:13)
  2 deep elf knights
  2 thrashing horrors (Abyss:2)
  3 sun demons (Abyss:2)
  Nergalle (D:11)
  A shadow wraith (Vaults:2)
  5 goliath frogs
  2 wretched stars
  4 skeletal warriors
  A deep troll (D:15)
  A spatial maelstrom (Abyss:3)
  4 spriggan druids
  10 swamp dragons
  3 large abominations
  5 unseen horrors
  A glowing orange brain (Abyss:3)
  7 ironbrand convokers
  A phantasmal warrior (Vaults:1)
  2 bog bodies (Swamp:1)
  2 flayed ghosts (Vaults:1)
  Pikel (D:5)
  5 wizards
  A harpy (D:7)
  3 deep elf pyromancers
  3 deep elf zephyrmancers (Vaults:3)
  9 orc knights
  12 orb spiders
  3 deep elf archers
  5 orc sorcerers
  23 ugly things
  29 wolf spiders
  7 will-o-the-wisps
  A necromancer (IceCv)
  4 cyclopes
  3 manticores
  A moth of wrath (Spider:3)
  5 vault sentinels
  16 elephants
  4 smoke demons
  4 torpor snails
  3 ice statues
  2 gargoyles
  20 cane toads
  A black mamba (Lair:6)
  An orange demon (Abyss:2)
  2 efreet
  A kobold demonologist (D:14)
  7 rime drakes
  16 freezing wraiths
  3 hellwings (Abyss:3)
  21 yaktaurs
  8 demonic crawlers
  13 komodo dragons
  A red devil (Abyss:2)
  A yaktaur (shapeshifter) (Vaults:1)
  A meliai (shapeshifter) (Abyss:3)
  An ancient zyme (Abyss:2)
  A polar bear (shapeshifter) (D:15)
  41 jumping spiders
  4 polar bears
  A bloated husk (Swamp:1)
  9 trolls
  10 hornets
  13 tyrant leeches
  24 slime creatures
  28 blink frogs
  A harpy skeleton (D:15)
  3 dream sheep
  A raiju (Abyss:2)
  A fire giant simulacrum (Vaults:3)
  A shadow (D:15)
  75 redbacks
  5 flying skulls (Abyss:2)
  A water elemental (D:15)
  13 tarantellas
  A ynoxinul (Abyss:3)
  6 spriggans
  14 wraiths
  A vampire (D:14)
  60 yaks
  A basilisk (shapeshifter) (Vaults:1)
  7 wyverns
  3 basilisks
  2 hogs (D:13)
  8 vampire mosquitoes
  3 neqoxecs
  3 steam dragons
  Menkaure (D:4)
  A chaos spawn (Abyss:3)
  7 wargs
  2 acid dragons
  14 swamp worms
  A soldier ant (D:14)
  14 water moccasins
  38 orc warriors
  10 ice beasts
  9 sky beasts
  3 black bears
  10 swamp drakes
  3 eyes of draining
  19 ogres
  30 wolves
  6 boggarts
  22 centaurs
  3 lemures
  4 kobold brigands
  Blork the orc (D:4)
  A bullfrog (shapeshifter) (D:14)
  24 bullfrogs
  An elf simulacrum (Vaults:1)
  A glowing shapeshifter simulacrum (Vaults:1)
  A wyvern zombie (D:13)
  2 wyvern skeletons
  7 scorpions
  An elephant simulacrum (IceCv)
  16 killer bees
  A howler monkey (D:13)
  23 wights
  10 electric eels
  4 centaur zombies
  3 bullfrog zombies
  2 quasits
  4 draconian simulacra (IceCv)
  25 orc priests
  7 hounds
  4 iguanas
  5 jellies
  3 bullfrog skeletons
  3 centaur skeletons
  An iron imp (Abyss:3)
  Jessica (D:3)
  Terence (D:3)
  33 orc wizards
  A polar bear simulacrum (IceCv)
  13 worker ants
  4 spriggan simulacra (IceCv)
  6 troll simulacra (IceCv)
  3 small abominations
  2 wolf simulacra (IceCv)
  A centaur simulacrum (IceCv)
  A worker ant zombie (D:11)
  13 gnolls
  A howler monkey skeleton (D:6)
  17 adders
  3 naga simulacra (IceCv)
  3 ogre simulacra
  3 shadow imps
  17 white imps
  3 ufetubi
  3 adder skeletons
  4 worms
  A dart slug (D:3)
  9 leopard geckos
  91 orcs
  2 ball pythons
  2 giant cockroaches
  9 goblins
  5 hobgoblins
  6 jackals
  19 kobolds
  8 quokkas
  8 bats
  4 frilled lizards
  2 leopard gecko skeletons
  7 rats
  16 butterflies (Vaults:3)
1457 creatures vanquished.

Vanquished Creatures (collateral kills)
  A thorn hunter (Swamp:3)
  Frances (Spider:2)
  An entropy weaver (Spider:3)
  An eleionoma (Swamp:4)
  2 hydras
  2 death yaks (Lair:3)
  A spriggan druid (Swamp:2)
  A will-o-the-wisp (Swamp:4)
  A demonic crawler (Spider:3)
  A jumping spider (Spider:3)
  2 hornets
  A tarantella (Spider:3)
  A spriggan (Swamp:2)
  11 redbacks
  A wraith (D:11)
28 creatures vanquished.

Vanquished Creatures (others)
  An ogre mage (D:14)
  A death yak (Lair:6)
  A spriggan (Swamp:1)
  A deep elf zephyrmancer (Vaults:1)
  A bloated husk (Swamp:1)
  A hornet (Swamp:1)
  A tyrant leech (Swamp:3)
  2 humans (D:13)
  A vampire mosquito (Swamp:1)
  A bullfrog skeleton (D:13)
  A worker ant (D:13)
  2 briar patches (Swamp:4)
  A bush (Lair:5)
  46 foxfires
  50 fungi
  86 plants
  4 starspawn tentacles (Abyss:3)
201 creatures vanquished.

Grand Total: 1686 creatures vanquished

Notes
Turn   | Place    | Note
-------+----------+-------------------------------------------
     0 | D:1      | Klosterheim the Demonspawn Artificer began the quest for
                  | the Orb.
     0 | D:1      | Reached XP level 1. HP: 15/15 MP: 1/1
   146 | D:1      | Found a glowing golden altar of the Shining One.
   225 | D:1      | Reached skill level 1 in Dodging
   225 | D:1      | Reached skill level 1 in Stealth
   928 | D:1      | Gained mutation: A meltable shield of frost defends you.
                  | (SH +4) [demonic ancestry]
   928 | D:1      | Reached XP level 2. HP: 21/22 MP: 2/2
  1220 | D:1      | Reached XP level 3. HP: 14/28 MP: 3/3
  1699 | D:2      | Found an iron altar of Okawaru.
  2119 | D:2      | Found a radiant altar of Vehumet.
  2588 | D:2      | Reached skill level 1 in Maces & Flails
  2588 | D:2      | Reached XP level 4. HP: 37/37 MP: 4/4
  3088 | D:2      | Found an opulent altar of Gozag.
  3363 | D:3      | Reached skill level 2 in Maces & Flails
  3363 | D:3      | Gained mutation: You may rarely emit foul miasma when
                  | damaged in melee. [demonic ancestry]
  3363 | D:3      | Reached XP level 5. HP: 39/42 MP: 5/5
  3491 | D:3      | Noticed Terence
  3541 | D:3      | Found a shadowy altar of Dithmenos.
  3560 | D:3      | Found a sparkling altar of Nemelex Xobeh.
  3607 | D:3      | Killed Terence
  3770 | D:3      | Noticed Jessica
  3781 | D:3      | Killed Jessica
  3815 | D:3      | Reached skill level 3 in Maces & Flails
  4178 | D:4      | Noticed Menkaure
  4186 | D:4      | Killed Menkaure
  4187 | D:4      | Reached XP level 6. HP: 34/48 MP: 6/6
  4277 | D:4      | Found Soiss's Book Boutique.
  4285 | D:4      | Noticed Edmund
  4302 | D:3      | Reached skill level 4 in Maces & Flails
  4769 | D:5      | Entered Level 5 of the Dungeon
  4796 | D:5      | Reached XP level 7. HP: 51/54 MP: 7/7
  4854 | D:5      | Found a snail-covered altar of Cheibriados.
  5085 | D:5      | Reached skill level 5 in Maces & Flails
  5336 | D:5      | Found a basalt altar of Yredelemnul.
  5558 | D:5      | Found a hazy altar of Hepliaklqana.
  6200 | D:6      | Reached skill level 6 in Maces & Flails
  6212 | D:6      | Found Mimpumak's Weapon Shop.
  6290 | D:6      | Identified the +3 pair of gloves of the Shining Light
                  | {rPois rC+ rCorr Dex-5}
  6338 | D:6      | Reached XP level 8. HP: 60/60 MP: 8/8
  6529 | D:4      | Noticed Blork the orc
  6539 | D:4      | Killed Blork the orc
  6958 | D:4      | Found a staircase to the Ecumenical Temple.
  7002 | D:4      | Reached skill level 5 in Armour
  7263 | Temple   | Entered the Ecumenical Temple
  7318 | Temple   | Became a worshipper of Qazlal Stormbringer
  7409 | D:5      | Reached skill level 7 in Maces & Flails
  7800 | D:6      | Found a shimmering altar of Xom.
  8166 | D:7      | Reached skill level 8 in Maces & Flails
  8361 | D:7      | Gained mutation: A meltable icy envelope protects you from
                  | harm. (AC +4) [demonic ancestry]
  8361 | D:7      | Reached XP level 9. HP: 65/65 MP: 9/9
  8376 | D:7      | Noticed a red ugly thing
  8382 | D:7      | Killed a red ugly thing
  8383 | D:7      | Reached skill level 1 in Invocations
  8402 | D:7      | Noticed Pikel
  8409 | D:6      | Reached * piety under Qazlal
  8717 | D:5      | Killed Pikel
  8718 | D:5      | Reached skill level 9 in Maces & Flails
  9265 | D:7      | Reached skill level 5 in Fighting
  9471 | D:7      | Noticed a harpy
  9480 | D:7      | Killed a harpy
  9481 | D:7      | Gained mutation: You have sharp fingernails. [demonic
                  | ancestry]
  9481 | D:7      | Reached XP level 10. HP: 31/74 MP: 13/13
 10045 | D:7      | Reached skill level 5 in Invocations
 10187 | D:7      | Reached skill level 10 in Maces & Flails
 10384 | D:7      | Found a burning altar of Makhleb.
 10671 | D:8      | Reached ** piety under Qazlal
 11784 | D:9      | Noticed a two-headed ogre
 11806 | D:9      | Killed a two-headed ogre
 12334 | D:9      | Identified the +7 battleaxe "Lobbeywu" {freeze, Str+2
                  | Int+2}
 12616 | D:9      | Found a glowing silver altar of Zin.
 12725 | D:9      | Reached XP level 11. HP: 28/83 MP: 16/16
 13117 | D:9      | Found a bloodstained altar of Trog.
 13233 | D:9      | Reached skill level 11 in Maces & Flails
 13636 | D:9      | Noticed a tengu warrior
 13661 | D:9      | Killed a tengu warrior
 13805 | D:9      | Noticed a two-headed ogre
 13838 | D:9      | Killed a two-headed ogre
 14116 | D:10     | Entered Level 10 of the Dungeon
 14352 | D:10     | Found a snail-covered altar of Cheibriados.
 14500 | D:10     | Killed an unseen horror
 14843 | D:10     | Reached *** piety under Qazlal
 15076 | D:11     | Noticed Harold
 15101 | D:11     | Killed Harold
 15115 | D:11     | Noticed a two-headed ogre
 15123 | D:11     | Killed a two-headed ogre
 15328 | D:11     | Noticed a two-headed ogre
 15334 | D:11     | Killed a two-headed ogre
 15595 | D:11     | Reached skill level 12 in Maces & Flails
 16049 | D:11     | Gained mutation: You have very sharp fingernails. [demonic
                  | ancestry]
 16049 | D:11     | Reached XP level 12. HP: 77/92 MP: 18/18
 16423 | D:11     | Found a staircase to the Lair.
 16458 | Lair:1   | Entered Level 1 of the Lair of Beasts
 16552 | D:11     | Noticed Josephine
 16566 | D:11     | Killed Josephine
 17621 | D:11     | Noticed Sonja
 17631 | D:11     | Killed Sonja
 17639 | D:11     | Reached skill level 10 in Invocations
 17743 | D:11     | Noticed Nergalle
 17765 | D:11     | Killed Nergalle
 18043 | Lair:1   | Identified a scroll of acquirement
 18043 | Lair:1   | Acquired 1072 gold pieces
 19696 | Lair:2   | Reached skill level 13 in Maces & Flails
 19714 | Lair:2   | Gained mutation: You have claws for hands. [demonic
                  | ancestry]
 19714 | Lair:2   | Reached XP level 13. HP: 86/101 MP: 10/20
 20413 | Lair:2   | Reached skill level 5 in Dodging
 21181 | Lair:3   | Upgraded the game from 0.27-a0-488-g88baaf19db to
                  | 0.27-a0-498-g7ecbb0a48f
 21643 | Lair:3   | Found a staircase to the Swamp.
 22260 | Lair:3   | Reached skill level 5 in Evocations
 22805 | Lair:3   | Reached skill level 10 in Armour
 23053 | Lair:3   | HP: 4/101 [death yak (18)]
 24617 | Lair:4   | Reached **** piety under Qazlal
 24829 | Lair:4   | Noticed Ziuzejaw's ghost (journeyman DDFi)
 24888 | Lair:4   | Found a transporter.
 24911 | Lair:4   | Found a transporter.
 25123 | Lair:4   | Found a hole to the Spider Nest.
 25136 | Lair:4   | Reached skill level 10 in Fighting
 25154 | Lair:4   | Reached XP level 14. HP: 110/110 MP: 22/22
 25359 | Lair:5   | Reached skill level 14 in Maces & Flails
 25435 | Lair:5   | Acquired 460 gold pieces
 27247 | Lair:6   | Entered Level 6 of the Lair of Beasts
 27263 | Lair:6   | Reached ***** piety under Qazlal
 27661 | Lair:6   | Reached skill level 1 in Shields
 27936 | Lair:6   | Found a viscous altar of Jiyva.
 27937 | Lair:6   | Found a staircase to the Slime Pits.
 29700 | D:12     | Found a staircase to the Orcish Mines.
 29947 | D:12     | Noticed Nessos
 29970 | D:12     | Killed Nessos
 29971 | D:12     | Gained mutation: You are surrounded by a mild repulsion
                  | field. (EV +2) [demonic ancestry]
 29971 | D:12     | Reached XP level 15. HP: 100/117 MP: 24/24
 30857 | D:13     | Reached ****** piety under Qazlal
 31053 | D:13     | Noticed Kirke
 31070 | D:13     | Killed Kirke
 31090 | D:13     | Noticed Urug
 31112 | D:13     | Killed Urug
 31464 | D:13     | Found a glowing silver altar of Zin.
 31464 | D:13     | Found a runed translucent door.
 31866 | D:13     | Found a sparkling altar of Nemelex Xobeh.
 32385 | Orc:1    | Entered Level 1 of the Orcish Mines
 32385 | Orc:1    | Found a frozen archway.
 32403 | Orc:1    | Reached skill level 15 in Maces & Flails
 32549 | IceCv    | Entered an ice cave
 33223 | IceCv    | Found an ancient bone altar of Kikubaaqudgha.
 33372 | IceCv    | Identified the +2 hat of the Other Side {*Drain +Blink
                  | rN+++}
 33622 | Orc:2    | Entered Level 2 of the Orcish Mines
 33659 | Orc:2    | Gained mutation: You have sharp toenails. [a neqoxec]
 34786 | Orc:2    | Found a staircase to the Elven Halls.
 34901 | Orc:2    | Found a roughly hewn altar of Beogh.
 34902 | Orc:2    | Noticed an orc warlord
 34941 | Orc:2    | Killed an orc warlord
 35078 | Orc:2    | Found Aqyofih's Antique Armour Boutique.
 35112 | Orc:2    | Found Ysauvathrua's Book Boutique.
 35206 | Orc:2    | Found Gukoyc's General Store.
 35222 | Orc:2    | Found Ecse's Antique Weapon Boutique.
 35383 | Orc:2    | Bought a warped plate armour for 840 gold pieces
 35383 | Orc:2    | Identified the +1 plate armour of Feminn {rF++ Regen+ MP-9
                  | Int+4} (You bought it in a shop on level 2 of the Orcish
                  | Mines)
 35750 | D:14     | Gained mutation: You are surrounded by a moderate repulsion
                  | field. (EV +3) [demonic ancestry]
 35750 | D:14     | Reached XP level 16. HP: 108/126 MP: 17/26
 35897 | D:14     | Found a flagged portal.
 35904 | Bailey   | Entered a bailey
 36524 | D:14     | Found a blossoming altar of Fedhas.
 36539 | D:14     | Identified the +7 fustibalus "Mecanann" {vorpal, rElec MP+9
                  | Int-2}
 36673 | D:14     | Found a gate to the Vaults.
 36845 | D:15     | Entered Level 15 of the Dungeon
 36980 | D:15     | Found a staircase to the Depths.
 37358 | D:15     | Cast into level 2 of the Abyss (a wizard)
 37452 | Abyss:2  | Reached skill level 5 in Shields
 37578 | Abyss:2  | Gained mutation: Your body sometimes deteriorates upon
                  | taking damage. [a neqoxec]
 37585 | Abyss:2  | Gained mutation: You are occasionally teleported next to
                  | monsters. [a neqoxec]
 37809 | Abyss:2  | Reached skill level 16 in Maces & Flails
 37811 | D:15     | Escaped the Abyss
 37836 | D:15     | Cast into level 3 of the Abyss (a wizard)
 38056 | Abyss:3  | Noticed a tentacled starspawn
 38120 | Abyss:3  | Gained mutation: You expend magic power (3 MP) to
                  | strengthen your wands. [a neqoxec]
 38144 | D:15     | Escaped the Abyss
 38229 | D:15     | Lost mutation: You expend magic power (3 MP) to strengthen
                  | your wands. [potion of mutation]
 38229 | D:15     | Lost mutation: Your body sometimes deteriorates upon taking
                  | damage. [potion of mutation]
 38229 | D:15     | Gained mutation: You are robust. (+10% HP) [potion of
                  | mutation]
 38229 | D:15     | Gained mutation: Scrolls take you a little longer to read.
                  | [potion of mutation]
 38229 | D:15     | Gained mutation: Your spells are a little harder to cast,
                  | but a little more powerful. [potion of mutation]
 38229 | D:15     | Gained mutation: You are resistant to electric shocks.
                  | (rElec) [potion of mutation]
 39161 | Swamp:1  | Entered Level 1 of the Swamp
 39226 | Swamp:1  | Reached XP level 17. HP: 118/146 MP: 18/27
 39518 | Swamp:1  | Reached skill level 10 in Dodging
 41087 | Swamp:3  | Identified Roxanne's Reference Book on Earth
 41087 | Swamp:3  | Noticed Roxanne
 41127 | Swamp:3  | Killed Roxanne
 41381 | Swamp:4  | Entered Level 4 of the Swamp
 41852 | Swamp:4  | Paralysed by a hornet for 3 turns
 41966 | Swamp:4  | Noticed a tentacled monstrosity
 41982 | Swamp:4  | Killed a tentacled monstrosity
 42039 | Swamp:4  | Reached skill level 10 in Shields
 42457 | Swamp:4  | Got a decaying rune of Zot
 42682 | Spider:1 | Entered Level 1 of the Spider Nest
 42904 | Spider:1 | Reached XP level 18. HP: 150/157 MP: 2/28
 43315 | Spider:1 | Identified the +8 falchion of Ipaqi {freeze, rC+ Int+3
                  | Dex-2}
 43696 | Spider:2 | Noticed Asterion
 43721 | Spider:2 | Noticed Frances
 43762 | Spider:2 | Found the +7 captain's cutlass {speed, disarm}
 43974 | Spider:1 | Lost mutation: You are robust. (+10% HP) [potion of
                  | mutation]
 43974 | Spider:1 | Lost mutation: Scrolls take you a little longer to read.
                  | [potion of mutation]
 43974 | Spider:1 | Lost mutation: Your spells are a little harder to cast, but
                  | a little more powerful. [potion of mutation]
 43974 | Spider:1 | Lost mutation: You are occasionally teleported next to
                  | monsters. [potion of mutation]
 43974 | Spider:1 | Gained mutation: Your muscles are strong. (Str +2) [potion
                  | of mutation]
 43974 | Spider:1 | Gained mutation: Your mind is acute. (Int +2) [potion of
                  | mutation]
 43974 | Spider:1 | Gained mutation: You evolve. [potion of mutation]
 44106 | Spider:2 | Killed Frances
 44199 | Spider:2 | Killed Asterion
 44664 | Spider:2 | Gained mutation: Your body sometimes deteriorates upon
                  | taking damage. [evolution]
 44664 | Spider:2 | Lost mutation: You evolve. [end of evolution]
 45311 | Spider:4 | Entered Level 4 of the Spider Nest
 45311 | Spider:4 | Noticed Mara
 45329 | Spider:4 | Noticed Klosterheim's illusion
 45624 | Spider:4 | Noticed Klosterheim's illusion
 46024 | Spider:4 | Noticed Klosterheim's illusion
 46735 | Vaults:1 | Entered Level 1 of the Vaults
 47150 | Vaults:1 | Reached skill level 15 in Shields
 47250 | Vaults:1 | Gained mutation: You sometimes emit foul miasma when
                  | damaged in melee. [demonic ancestry]
 47250 | Vaults:1 | Reached XP level 19. HP: 129/149 MP: 20/29
 47267 | Vaults:1 | Found a gateway to a bazaar.
 48286 | Vaults:2 | Paralysed by a great orb of eyes for 2 turns
 49745 | Vaults:3 | Found a huge runed gate.
 49745 | Vaults:3 | Found a huge runed gate.
 49745 | Vaults:3 | Found a huge runed gate.
 49745 | Vaults:3 | Found a huge runed gate.
 49745 | Vaults:3 | Found a huge runed gate.
 49745 | Vaults:3 | Found a huge runed gate.
 49745 | Vaults:3 | Found a huge runed gate.
 49746 | Vaults:3 | Found a huge runed gate.
 49746 | Vaults:3 | Found a huge runed gate.
 49746 | Vaults:3 | Found a huge runed gate.
 49764 | Vaults:3 | Found a huge runed gate.
 49764 | Vaults:3 | Found a huge runed gate.
 49764 | Vaults:3 | Found a huge runed gate.
 49764 | Vaults:3 | Found a huge runed gate.
 49764 | Vaults:3 | Found a huge runed gate.
 49764 | Vaults:3 | Found a huge runed gate.
 49765 | Vaults:3 | Found a huge runed gate.
 49766 | Vaults:3 | Found a huge runed gate.
 49767 | Vaults:3 | Found a huge runed gate.
 49775 | Vaults:3 | Found a huge runed gate.
 49775 | Vaults:3 | Found a huge runed gate.
 49775 | Vaults:3 | Found a huge runed gate.
 49775 | Vaults:3 | Found a huge runed gate.
 49775 | Vaults:3 | Found a huge runed gate.
 49775 | Vaults:3 | Found a huge runed gate.
 49776 | Vaults:3 | Found a huge runed gate.
 49777 | Vaults:3 | Found a huge runed gate.
 49778 | Vaults:3 | Found a huge runed gate.
 49790 | Vaults:3 | Found a huge runed gate.
 49790 | Vaults:3 | Found a huge runed gate.
 49790 | Vaults:3 | Found a huge runed gate.
 49790 | Vaults:3 | Found a huge runed gate.
 49790 | Vaults:3 | Found a huge runed gate.
 49790 | Vaults:3 | Found a huge runed gate.
 49791 | Vaults:3 | Found a huge runed gate.
 49792 | Vaults:3 | Found a huge runed gate.
 49818 | Vaults:3 | Identified the +1 leather armour of Lopudd {rF+ Str+4 SInv}
 49831 | Vaults:3 | Acquired a manual of Dodging
 50043 | Vaults:3 | Found Boetischy's Book Shop.
 50087 | Vaults:3 | Identified the +0 leather armour of Paranoia {+Inv rF-
                  | rN+++ Dex-3}
 50255 | Vaults:3 | Found Gudghus's General Store.
 50263 | Vaults:3 | Bought a scroll of teleportation for 60 gold pieces
 50263 | Vaults:3 | Bought a ring of see invisible for 300 gold pieces
 50302 | Vaults:3 | Slain by a stone giant

Illustrated notes

Levels and vault maps discovered:
D:1:      saegor_arrival_simple_d, layout_loops_corners,
          minmay_misc_feat_columns, tso_metal_star
D:2:      minmay_general_purpose_star, layout_basic, lemuel_round_altar,
          lemuel_doored_altar, old_standard_altar, chequers_jeans,
          minmay_tetromino_s2
D:3:      lemuel_upstairs_altar, layout_basic,
          nemelex_xobeh_ov_fountains_minmay,
          nicolae_dithmenos_through_a_glass_darkly, uniq_terence, uniq_jessica
D:4:      layout_rooms, minmay_temple_entry_antechambers, serial_shops, shop,
          uniq_edmund, uniq_blork_the_orc, uniq_menkaure
D:5:      layout_loops_ring, lemuel_crystal_altar, nzn_hepliaklqana_mist_gate,
          old_standard_altar, grunt_ministairs_13, minmay_bent
D:6:      layout_cave_pools, xom_teletrap_fun, serial_shops, shop
D:7:      nzn_winding_woodlands_cross [nzn_winding_woodlands_5x15_sawtooth,
          nzn_winding_woodlands_5x15_sidewinder,
          nzn_winding_woodlands_5x15_pool,
          nzn_winding_woodlands_5x15_pathside_ponds,
          nzn_winding_woodlands_15x15_five_gardens], layout_rooms,
          lightli_temple_of_fire, st_stairs_5, uniq_pikel
D:8:      minmay_recursive_quarters, layout_gridville, kennysheep_nondescript,
          roderic_roman_lattice
D:9:      wad_guarded_room, layout_basic, zin_treasury, amethyst_killhole,
          trog_book
D:10:     layout_roguey, cheibriados_altar_1
D:11:     minmay_statue_hallways, layout_long_grid, erik_lair_island,
          hangedman_decor_lopped, uniq_sonja, uniq_josephine, uniq_harold,
          uniq_nergalle
D:12:     layout_roguey, minmay_orc_entry_guard_dogs, gauntlet_entry_generic,
          solitary_fountain, uniq_nessos
D:13:     layout_grid_maze, basic_altar, lemuel_angel_altar, uniq_kirke,
          uniq_urug
D:14:     layout_rooms, hangedman_vaults_entry_quadrant_bands, minivault_23,
          enter_bailey_3, fedhas_altar_1
D:15:     hangedman_depths_entry_civil_slaughter, layout_basic,
          serial_bayou_shore_a, solitary_fountain, drop_trap,
          amcnicky_mini_corridor_feature, patterned_corridor
Temple:   jpeg_temple_clearing
Lair:1:   layout_roguey, chequers_serial_rivers_micro_e,
          chequers_serial_rivers_room_a
Lair:2:   layout_long_grid, serial_bayou_shore_b
Lair:3:   layout_cave_shapes, minmay_swamp_entry_worms
Lair:4:   layout_regular_city, spider_nest_entry_a,
          gammafunk_ghost_berserking_beasts, serial_bayou_shore_b
Lair:5:   layout_loops_ring
Lair:6:   grunt_lair_end_beastmaster, layout_hall_layers, slime_altar_1,
          grunt_forest_small_clearing_treed, grunt_megastairs_2,
          serial_bayou_shore_b, serial_bayou_shore_b
Swamp:1:  layout_basic_swamp, evilmike_swamp_ruin_wall, roderic_carrion_pond
Swamp:2:  layout_basic_swamp, evilmike_swamp_ruin_house_6,
          infiniplex_staircase_pool
Swamp:3:  layout_falls_marsh, serial_swamp_ruin, evilmike_swamp_ruin_rubble_1,
          evilmike_swamp_ruin_house_2, evilmike_swamp_ruin_house_4, uniq_roxanne
Swamp:4:  swamp, layout_basic_swamp, infiniplex_staircase_pool_2
Spider:1: layout_spider_delve
Spider:2: layout_spider_delve, uniq_asterion, uniq_frances
Spider:3: layout_spider_delve, drop_trap, guppyfry_spider_mini_3
Spider:4: spider_rune_water, uniq_mara
Orc:1:    layout_caves, portal_ice_cave_rime, mines_bat_river
Orc:2:    grunt_orc_cross, layout_caves
Vaults:1: serial_ice_g, ontoclasm_vaults_tryst, vaults_room_grid, st_squares,
          hangedman_vaults_stream, nicolae_vaults_little_squares_2, v_rooms_4,
          vaults_room_fours, vaults_room_hallway, ontoclasm_vaults_misaligned,
          serial_ice_h, layout_vaults_omnibox, serial_shops, statue_bzr
Vaults:2: grunt_vaults_hallway_short, vaults_room_boxed,
          nicolae_vaults_sealed_display, hangedman_vaults_cutoff,
          nicolae_vaults_ring_of_whatevers, vaults_dpeg_hooks,
          layout_vaults_omnigrid
Vaults:3: minmay_crypt_entry_simple_sparse, ontoclasm_vaults_water_temple,
          v_misc_3, v_pattern_5, v_alt_pattern_1, vaults_mumra_minichess,
          ontoclasm_vaults_gateway, vaults_not_door_vault_mu, v_misc_17,
          hangedman_vaults_cutoff, vaults_room_corners, layout_vaults_maze,
          serial_shops, shop, shop, nicolae_shop_stone, shop

Skill      XL: |  1  2  3  4  5  6  7  8  9 10 11 12 13 14 15 16 17 18 19 |
---------------+----------------------------------------------------------+-----
Dodging        | 1 2 4 6 7 8 9 10 11 | 11.6
Stealth        | 1 |  1.0
Armour         | 2 3 4 6 7 8 9 10 11 12 13 | 13.8
Fighting       | 2 3 4 5 6 8 9 10 11 12 13 14 | 14.0
Maces & Flails | 1 2 3 4 6 8 9 10 12 13 14 15 16 | 16.0
Invocations    | 4 6 9 10 11 12 13 14 | 14.2
Evocations     | 4 5 7 8 9 |  9.2
Shields        | 4 6 10 15 | 15.0

Action                   |  1- 3 |  4- 6 |  7- 9 | 10-12 | 13-15 | 16-18 | 19-21 || total
-------------------------+-------+-------+-------+-------+-------+-------+-------++-------
Melee: Club              |    95 |       |       |       |       |       |       ||    95
       Morningstar       |    12 |   234 |   449 |   966 |  1253 |       |       ||  2914
       Eveningstar       |       |       |       |       |   662 |  2063 |   562 ||  3287
Invok: Upheaval          |       |       |       |    15 |    11 |    23 |     4 ||    53
       Elemental Force   |       |       |       |     1 |     1 |     8 |       ||    10
       Disaster Area     |       |       |       |       |       |     5 |     3 ||     8
 Abil: Evoke Invisibilit |       |       |       |       |       |     1 |       ||     1
Evoke: Wand              |    11 |     3 |     8 |     7 |       |     1 |     1 ||    31
       Condenser vane    |       |       |       |       |     2 |     3 |       ||     5
       Phantom mirror    |       |       |       |       |       |     2 |       ||     2
       Tin of tremorston |       |       |       |       |       |       |     2 ||     2
  Use: Scroll            |       |       |    17 |    11 |    10 |    11 |     7 ||    56
       Potion            |       |       |     4 |     1 |     1 |    18 |     2 ||    26
 Stab: Sleeping          |     2 |       |       |       |       |       |       ||     2
       Distracted        |       |       |       |       |       |     3 |       ||     3
Armor: Leather armour    |    40 |       |       |       |       |       |       ||    40
       Chain mail        |     1 |    15 |       |       |       |       |       ||    16
       Plate armour      |       |   212 |   419 |   743 |   983 |   894 |    97 ||  3348
       Ring mail         |       |       |    12 |       |       |       |       ||    12
Dodge: Dodged            |    60 |    40 |   117 |   265 |   860 |   966 |   141 ||  2449
       Repelled          |       |       |       |       |     7 |    23 |     2 ||    32
Block: Other             |    16 |    49 |    98 |   392 |   335 |       |       ||   890
       Buckler           |       |       |       |       |   874 |   513 |       ||  1387
       Kite shield       |       |       |       |       |       |  1772 |   463 ||  2235

Table legend: (Time is in decaauts)
 A = Elapsed time spent in this place.
 B = Non-inter-level travel time spent in this place.
 C = Inter-level travel time spent in this place.
 D = Time resting spent in this place.
 E = Time spent auto-exploring this place.
 F = Levels seen in this place.
 G = Mean time per level.
                   A        B        C        D        E       F      G
               +--------+--------+--------+--------+--------+-----+--------+
         Total |  49820 |  46760 |   3060 |  12857 |  22313 |  39 | 1277.4 |
       Dungeon |  23353 |  21741 |   1612 |   5703 |  11164 |  15 | 1556.9 |
        Temple |     71 |     46 |     25 |      0 |     44 |   1 |   71.0 |
          Lair |  11779 |  11282 |    497 |   4562 |   4651 |   6 | 1963.2 |
         Swamp |   3570 |   3361 |    209 |    456 |   1933 |   4 |  892.5 |
   Spider Nest |   3720 |   3308 |    412 |    820 |   1211 |   4 |  930.0 |
  Orcish Mines |   2100 |   1944 |    156 |    685 |    807 |   2 | 1050.0 |
        Vaults |   3349 |   3203 |    146 |    153 |   1997 |   3 | 1116.3 |
         Abyss |    673 |    673 |      0 |     91 |    176 |   2 |  336.5 |
        Bailey |    316 |    316 |      0 |      0 |     66 |   1 |  316.0 |
      Ice Cave |    884 |    884 |      0 |    386 |    263 |   1 |  884.0 |
               +--------+--------+--------+--------+--------+-----+--------+

Top non-repeatable levels by time:
    D:11: 2737 daAuts
  Lair:3: 2670 daAuts
  Lair:2: 2240 daAuts
     D:5: 2076 daAuts
     D:9: 2072 daAuts
     D:1: 2066 daAuts
  Lair:4: 1981 daAuts
  Lair:6: 1980 daAuts
   Orc:2: 1796 daAuts
  Lair:5: 1690 daAuts
    D:13: 1607 daAuts
     D:8: 1546 daAuts
     D:6: 1521 daAuts
Vaults:2: 1466 daAuts
     D:7: 1342 daAuts
